Map: Undercurrent LE

Players

Nyck

  • Race: Terran Terran
  • Spawn Location: 1:00

Ekelpack

  • Race: Zerg Zerg
  • Spawn Location: 3:00

sideth - Winner!

  • Race: Protoss Protoss
  • Spawn Location: 7:00

FuddY - Winner!

  • Race: Terran Terran
  • Spawn Location: 7:00

VOD

Have the link to the VOD?

Description

Time

  • Played on: Nov. 27, 2024, 1:41 p.m.
  • Length: 5:01
Show
View Real Time Build Order
Export as new Build Order

Nyck Terran 

Build Orders:  

Get SALT Encoding   

  12  0:00  SCV  
  13  0:12  SCV  
  14  0:17  Supply Depot  
  14  0:24  SCV  
  15  0:39  SCV  
  15  0:41  Barracks  
  16  0:47  Refinery  
  16  0:51  SCV  
  17  1:00  Barracks  
  17  1:03  SCV  
  18  1:16  SCV  
  19  1:28  SCV  
  19  1:30  Supply Depot  
  20  1:37  Reaper  
  21  1:41  Orbital Command  
  21  1:59  Marine  
  22  2:03  Barracks  
  20  2:19  Marine  
  21  2:37  Barracks Tech Lab  
  18  2:57  Marauder  
Show
View Real Time Build Order
Export as new Build Order

Ekelpack Zerg 

Build Orders: Hatch First 

Get SALT Encoding   

  12  0:00  Drone  
  13  0:12  Overlord  
  13  0:17  Drone  
  14  0:31  Drone  
  15  0:45  Hatchery  
  15  0:47  Drone  
  15  1:03  Spawning Pool  
  14  1:06  Drone  
  14  1:10  Extractor  
  14  1:12  Drone  
  14  1:16  Drone  
  16  1:25  Drone  
  17  1:53  Queen  
  19  1:55  Zergling x2  
  19  1:56  Drone x2  
  22  2:04  Queen  
  24  2:17  Roach Warren  
  22  2:59  Overlord x2, Roach x3  
  28  3:19  Roach x4  
  40  3:20  Roach x3  
  42  3:36  Overlord, Roach  
  44  4:01  Roach x2  
  44  4:02  Roach x2  
Show
View Real Time Build Order
Export as new Build Order

sideth Protoss - Winner!

Build Orders: Cannon Rush 

Get SALT Encoding   

  12  0:00  Probe  
  13  0:12  Probe  
  14  0:19  Pylon  
  14  0:36  Probe  
  15  0:47  Forge  
  15  0:53  Probe  
  16  1:07  Pylon  
  16  1:29  Photon Cannon  
  16  1:33  Photon Cannon  
  16  1:35  Photon Cannon  
  16  1:44  Pylon  
  16  1:56  Photon Cannon  
  16  1:57  Photon Cannon  
  16  2:01  Pylon  
  16  2:20  Photon Cannon  
  16  2:28  Photon Cannon  
  15  2:39  Photon Cannon  
  15  3:06  Gateway  
  15  3:20  Photon Cannon  
  15  3:21  Probe  
  15  3:25  Assimilator  
  16  3:31  Assimilator  
  16  3:34  Probe  
  17  3:46  Probe  
  18  3:55  Probe  
  18  3:56  Cybernetics Core  
  19  4:03  Probe  
  22  4:12  Probe  
  23  4:23  Zealot  
  23  4:29  Pylon  
  23  4:34  Pylon  
  23  4:39  Pylon  
Show
View Real Time Build Order
Export as new Build Order

FuddY Terran - Winner!

Build Orders:  

Get SALT Encoding   

  12  0:00  SCV  
  13  0:12  SCV  
  14  0:19  Supply Depot  
  14  0:25  SCV  
  15  0:35  Refinery  
  15  0:41  SCV  
  16  0:49  Barracks  
  16  0:54  SCV  
  17  1:03  Barracks  
  17  1:08  SCV  
  18  1:20  SCV  
  19  1:27  Supply Depot  
  19  1:37  Orbital Command, Reaper  
  20  1:51  Reaper  
  21  2:04  SCV  
  21  2:07  Supply Depot  
  22  2:09  Reaper  
  23  2:17  SCV  
  24  2:23  Refinery, Reaper  
  25  2:32  Command Center  
  25  2:44  Reaper  
  26  2:46  SCV  
  28  2:58  Reaper  
  28  2:59  SCV  
  29  3:11  SCV  
  30  3:24  SCV  
  31  3:36  Barracks Tech Lab  
  31  3:37  Barracks Reactor, SCV  
  31  3:39  Factory  
  32  3:49  SCV  
  32  3:57  Concussive Shells, Marauder  
  32  4:01  Barracks, SCV  
  35  4:02  Orbital Command  
  35  4:13  SCV  
  35  4:14  Marine x2  
  38  4:18  Marauder  
  40  4:25  SCV  
  41  4:37  SCV  
  42  4:40  Marauder  
  42  4:42  Factory Tech Lab, Marine x2  
  44  4:47  SCV  
Tags
 
Add a new tag
Caveats
  • Supply blocks, unpowered buildings, or Contaminate may cause inaccurate times.
  • Supply counts are checked every 10 seconds.